Map: Acid Plant LE

Players

HeroMarine

  • Race: Terran Terran
  • Spawn Location: 5:00

uThermal - Winner!

  • Race: Terran Terran
  • Spawn Location: 11:00

Event: WCS Valencia 2018

VOD

Have the link to the VOD?

Description

Time

  • Played on: July 14, 2018, 6:06 a.m.
  • Length: 8:08

All games in this series

Show
View Real Time Build Order
Export as new Build Order

HeroMarine Terran 

Build Orders: Gas First Reaper Expand, Reaper Expand 

Get SALT Encoding   

  12  0:00  SCV  
  13  0:12  SCV  
  14  0:17  Supply Depot  
  14  0:24  SCV  
  15  0:28  Refinery  
  15  0:39  SCV  
  16  0:44  Barracks  
  16  0:51  SCV  
  17  1:03  SCV  
  18  1:15  SCV  
  19  1:32  Reaper, Orbital Command  
  20  1:53  Command Center  
  20  2:00  Factory  
  20  2:03  Marine  
  20  2:05  SCV  
  22  2:13  Supply Depot  
  22  2:17  SCV  
  22  2:21  Refinery  
  23  2:23  Barracks Reactor  
  23  2:35  SCV  
  24  2:47  Hellion, SCV  
  24  2:48  Starport  
  27  2:59  SCV  
  27  3:01  Marine x2  
  30  3:07  Orbital Command  
  30  3:11  SCV  
  29  3:20  Marine x2  
  29  3:23  SCV  
  29  3:25  Factory Tech Lab  
  31  3:33  SCV  
  32  3:35  SCV  
  33  3:45  SCV  
  33  3:47  Raven, SCV, Refinery  
  37  3:49  Factory Tech Lab  
  37  3:53  Marine x2  
  37  3:55  Bunker  
  39  3:56  Supply Depot  
  39  3:58  SCV  
  39  4:00  SCV  
  36  4:10  SCV  
  36  4:11  Siege Tank  
  36  4:12  SCV  
  36  4:17  Marine  
  36  4:18  Marine  
  36  4:22  SCV  
  36  4:24  SCV  
  40  4:32  Raven  
  40  4:35  SCV, Marine  
  40  4:36  SCV  
  45  4:39  Supply Depot  
  45  4:43  Marine  
  46  4:47  SCV  
  46  4:48  SCV  
  47  4:53  Marine  
  47  4:59  SCV  
  49  5:00  SCV, Siege Tank  
  49  5:01  Marine  
  49  5:05  Liberator, Supply Depot  
  54  5:11  SCV  
  54  5:12  SCV  
  56  5:22  Supply Depot  
  56  5:23  Viking, SCV  
  56  5:27  SCV  
  63  5:29  Marine  
  63  5:30  Supply Depot  
  63  5:34  Siege Tank  
  63  5:35  SCV  
  68  5:39  SCV  
  69  5:46  Marine  
  69  5:47  SCV  
  71  5:51  SCV  
  71  5:53  Viking  
  74  6:04  SCV x2  
  74  6:05  Viking  
  74  6:06  Refinery  
  74  6:09  Command Center  
  78  6:11  Marine  
  78  6:14  Siege Tank  
  78  6:17  SCV x2  
  83  6:26  Viking  
  83  6:29  Marine  
  86  6:36  Viking, SCV x2  
  86  6:38  Barracks  
  86  6:39  Barracks  
  77  6:47  Marine  
  77  6:48  SCV x2  
  77  6:49  Siege Tank  
  83  6:56  Engineering Bay  
  83  6:57  Engineering Bay  
  82  7:05  Marine  
  82  7:08  Barracks  
  81  7:09  Barracks  
  81  7:13  SCV x2  
  83  7:22  Marine, Starport Reactor  
  83  7:25  SCV x2  
  87  7:37  SCV x2  
  85  7:45  Marine  
  85  7:48  Marine x2  
  85  7:49  SCV x2  
Show
View Real Time Build Order
Export as new Build Order

uThermal Terran - Winner!

Build Orders: Cyclone Opening, Gas First Reaper Expand, Reaper Expand 

Get SALT Encoding   

  12  0:01  SCV  
  13  0:13  SCV  
  14  0:17  Supply Depot  
  14  0:25  SCV  
  14  0:28  Refinery  
  15  0:39  SCV  
  16  0:45  Barracks  
  16  0:51  SCV  
  17  1:03  SCV  
  18  1:15  SCV  
  19  1:32  Reaper, Orbital Command  
  20  1:47  Command Center  
  20  1:57  SCV  
  21  2:02  Factory  
  21  2:06  Reaper  
  22  2:11  Refinery  
  22  2:14  Supply Depot  
  22  2:18  SCV  
  23  2:36  SCV  
  24  2:45  Cyclone  
  24  2:48  SCV  
  24  2:51  Barracks Reactor  
  28  3:00  SCV  
  29  3:09  Orbital Command  
  29  3:12  SCV  
  29  3:24  SCV  
  29  3:30  Cyclone  
  29  3:31  Cyclone  
  35  3:35  SCV  
  35  3:36  SCV  
  37  3:42  Command Center  
  37  3:47  SCV  
  37  3:48  Barracks Tech Lab, SCV  
  38  3:53  Supply Depot  
  39  3:59  SCV  
  40  4:03  Cyclone  
  43  4:10  SCV  
  43  4:15  Cyclone  
  47  4:18  SCV  
  47  4:21  Supply Depot, Marine  
  47  4:22  SCV  
  50  4:28  Stimpack  
  50  4:30  SCV  
  51  4:34  SCV  
  51  4:35  Engineering Bay  
  52  4:39  Marine  
  52  4:42  SCV  
  54  4:46  SCV  
  55  4:54  SCV  
  55  4:56  Barracks x2  
  55  4:57  Marine  
  55  4:59  Orbital Command  
  57  5:01  Factory Reactor, SCV  
  58  5:08  SCV  
  58  5:09  Engineering Bay, Refinery  
  59  5:14  SCV, Marine, Refinery  
  59  5:15  Supply Depot  
  59  5:21  SCV  
  62  5:26  SCV  
  63  5:31  Terran Infantry Weapons Level 1, Missile Turret  
  63  5:32  Marine  
  63  5:33  SCV  
  63  5:35  Orbital Command  
  65  5:36  Terran Infantry Armor Level 1  
  65  5:39  SCV  
  65  5:41  Starport  
  66  5:44  Marine x2  
  66  5:45  SCV  
  66  5:48  Factory Reactor  
  69  5:51  SCV, Marine x2  
  72  5:57  SCV  
  72  5:59  Supply Depot, Marine  
  72  6:02  Marine x2  
  72  6:03  SCV  
  77  6:04  SCV  
  77  6:09  SCV, Marine  
  80  6:11  Bunker  
  80  6:12  Marine  
  80  6:14  Missile Turret  
  80  6:15  SCV  
  80  6:16  SCV  
  80  6:17  Marine  
  84  6:19  Marine  
  84  6:21  Marine  
  84  6:22  SCV  
  84  6:24  Supply Depot x2  
  87  6:27  Marine  
  87  6:30  Factory Tech Lab  
  87  6:32  Medivac x2  
  92  6:33  Marine  
  92  6:36  Marine  
  92  6:37  Marine  
  92  6:39  Marine  
  93  6:44  Marine  
  81  6:48  SCV  
  81  6:49  SCV  
  81  6:50  Siege Tank  
  81  6:51  Marine  
  84  6:54  Marine  
  84  6:56  Marine  
  84  7:00  Marine  
  87  7:02  Medivac  
  87  7:03  Armory  
  87  7:05  Medivac  
  91  7:10  SCV  
  91  7:12  Supply Depot  
  91  7:14  Marine x3  
  91  7:15  Marine  
  96  7:22  Siege Tank  
  99  7:23  SCV  
  99  7:24  Supply Depot  
  99  7:25  SCV  
  99  7:26  Marine  
  103  7:36  Marine  
  102  7:38  Marine  
  102  7:39  Marine x2  
  104  7:46  Marine  
Tags
 
Add a new tag
Caveats
  • Supply blocks, unpowered buildings, or Contaminate may cause inaccurate times.
  • Supply counts are checked every 10 seconds.